 Dungeon Crawl Stone Soup version 0.17-a0-1572-g7a1422d (webtiles) character file.

29 karlkraus the Skirmisher (level 3, -2/33 HPs)
             Began as a Minotaur Fighter on July 25, 2015.
             Slain by an iron imp (4 damage)
             ... summoned by Natasha
             ... on level 2 of the Dungeon.
             The game lasted 00:02:16 (845 turns).

karlkraus the Skirmisher (Minotaur Fighter)          Turns: 845, Time: 00:02:17

Health: -2/33      AC:  7    Str: 21    XL:     3   Next: 1%
Magic:  2/2        EV:  7    Int:  5    God:
Gold:   148        SH:  9    Dex:  9    Spells: 0 memorised, 2 levels left

rFire  . . .     SeeInvis .     a - +0 flail
rCold  . . .     Clarity  .     b - +0 scale mail
rNeg   . . .     SustAt   .     c - +0 shield
rPois  .         Gourm    .     (helmet restricted)
rElec  .         Spirit   .     (no cloak)
rCorr  .         Warding  .     (no gloves)
rMut   .         Stasis   .     (no boots)
MR     .....                    (no amulet)
Stlth  ..........               (no ring)
                                (no ring)

@: not resistant to hostile enchantments, extremely unstealthy
A: retaliatory headbutt, horns 2
a: no special abilities


You were on level 2 of the Dungeon.
You were not hungry.

You visited 1 branch of the dungeon, and saw 2 of its levels.

You collected 148 gold pieces.

Inventory:

Hand weapons
 a - a +0 flail (weapon)
Missiles
 p - 7 poisoned needles
Armour
 b - a +0 scale mail (worn)
 c - a +0 shield (worn)
Jewellery
 n - an uncursed ring of protection from fire {unknown}
 o - a +3 ring of intelligence {unknown}
Scrolls
 h - a scroll of identify {unknown}
 j - a scroll of amnesia {unknown}
 l - a scroll of remove curse {unknown}
 m - a scroll of teleportation {unknown}
Potions
 d - a potion of might
 g - a potion of brilliance {unknown}
 i - 2 potions of lignification {unknown}
 k - 2 potions of agility {unknown}
 q - a potion of poison {unknown}
Comestibles
 e - 2 bread rations
 f - a beef jerky
 r - a meat ration


   Skills:
 + Level 4.3 Fighting
 + Level 2.6 Maces & Flails
 + Level 3.8 Armour
 + Level 0.4 Dodging
 + Level 4.1 Shields


You had 2 spell levels left.
You didn't know any spells.

Dungeon Overview and Level Annotations

Branches:
Dungeon (2/15)

Altars:
Sif Muna

Annotations:
D:2 Natasha, Sigmund


Innate Abilities, Weirdness & Mutations

You reflexively headbutt those who attack you in melee.
You have a pair of horns on your head.


Message History

You closely miss Natasha. Natasha claws you.
You hit Natasha.
Natasha is moderately wounded.
You feel sick.
You are no longer poisoned.
You block Natasha's attack.
Natasha mumbles some strange words.
You sock Natasha! Your headbutt misses Natasha.
Natasha is almost dead.
Natasha claws you but does no damage.
The iron imp lashes its tail.
You closely miss Natasha. Your headbutt misses Natasha.
Natasha is almost dead.
Natasha barely misses you. The iron imp hits you.
You closely miss Natasha.
Natasha is almost dead.
You block Natasha's attack. Natasha claws you!
* * * LOW HITPOINT WARNING * * *
The iron imp hits you.
You die...

..[.#...............####
....#............####
.......#..##....##
.......#..##...##
......##..##...# #######
......##...#..<##......#
.........#.##..........#
.............(.##5.....#
.###...........#@h......
.# #...........#........
####....................
...............#$.......
####...........##...!..#
# #..######.#.# ......#
....# #.#.# ......#
..###.# #.#.. ####### ..
#.# #.....


You could see an iron imp and Natasha.

Vanquished Creatures
  An adder (D:2)
  2 bats (D:1)
  A giant cockroach (D:2)
  3 hobgoblins
  2 jackals (D:2)
  2 quokkas (D:2)
  A giant gecko (D:2)
  3 goblins
  2 kobolds (D:2)
  A rat (D:1)
18 creatures vanquished.

Notes
Turn   | Place    | Note
--------------------------------------------------------------
     0 | D:1      | karlkraus the Minotaur Fighter began the quest for the Orb.
     0 | D:1      | Reached XP level 1. HP: 19/19 MP: 0/0
   476 | D:1      | Reached skill level 4 in Fighting
   525 | D:2      | Reached XP level 2. HP: 25/27 MP: 1/1
   528 | D:2      | Noticed Sigmund
   711 | D:2      | Found a deep blue altar of Sif Muna.
   837 | D:2      | Noticed Natasha
   840 | D:2      | Reached XP level 3. HP: 17/33 MP: 2/2
   845 | D:2      | Slain by an iron imp

Vault maps used:
D:1:      lemuel_arrival_cross, hex_large
D:2:      nicolae_overflow_crystal_walls, first_bread, uniq_sigmund,
          uniq_natasha

Action                   || total
-------------------------++-------
Melee: Flail             ||    55
